AoeStats
← RDA Ronan

Arabia

504355781Analyzed
4v4 RM · 28d ago on Sep 5, 2026· 29m 44s· 8 players
Game mode
Random Map
Map size
Large (8 player)
Population
200
Speed
Normal
Resources
Standard
Victory
Conquest
Starting age
Dark Age
Ending age
Imperial Age
RankedLock teamsTeams togetherTeam positionsShared explorationLock speedFull tech treeHidden civsTurbo modeCheats
Victory
Defeat
🇲🇽 Vietnamese · Mexico
1471
+10
🇦🇷 Tatars · Argentina
1298
+17
🇦🇷 Berbers · Argentina
1258
+19
🇦🇷 Persians · Argentina
1238
+19
🇨🇳 Bohemians · China
1372
-18
🇺🇸 Bengalis · United States
1334
-17
🇦🇷 Gurjaras · Argentina
1300
-15
🇮🇳 Magyars · India
1298
-15
mxrider971
NUR
7:13 Loom
10:50 Feudal Age
12:58 Horse Collar
lobo
ixsea
[GDL] Zuko
10:40 Feudal Age
10:32 Loom
12:21 Wheelbarrow
13:02 Double-Bit Axe
16:06 Castle Age
14:34 Gold Mining
14:42 Horse Collar
15:51 Stone Mining
16:12 Scale Barding Armor
17:04 Bow Saw
18:15 Heavy Plow
20:57 Town Watch
21:54 Forging
21:56 Light Cavalry
23:12 Husbandry
23:40 Loom
26:03 Hand Cart
26:19 Town Patrol
28:19 Iron Casting
28:19 Stone Mining
29:11 Squires
29:24 Fletching
30:13 Stone Shaft Mining
RDA Ronan
8:50 Loom
10:39 Feudal Age
15:12 Castle Age
13:25 Double-Bit Axe
15:24 Loom
15:44 Gold Mining
16:09 Bow Saw
16:43 Fletching
20:37 Bodkin Arrow
22:37 Town Watch
23:29 Town Patrol
28:07 Imperial Age
28:13 Spies/Treason
OPI Sonet
6:18 Loom
9:19 Feudal Age
10:56 Double-Bit Axe
11:50 Forging
16:42 Scale Barding Armor
18:11 Wheelbarrow
21:16 Town Watch
25:59 Castle Age
26:33 Horse Collar
28:35 Gold Mining
RDA | Trippelonga
Connection lost

Rejoining the realm…

Still unreachable

The connection could not be restored.

Session expired

The server has moved on; the page needs a fresh start.